| TOP OF THE 1ST |
|
Roswell Invaders batting - Pitching for Americus Braves : LHP Byron Selhorst
|
|
Pitching: LHP Byron Selhorst
|
|
|
Batting: LHB Nick Walker
|
0-0: Called Strike 0-1: Ball 1-1: Swinging Strike 1-2: Strikes out swinging
|
|
Batting: LHB Julio Zamora
|
0-0: Ball 1-0: Ball 2-0: Foul Ball, location: 2F 2-1: Ball 3-1: Called Strike 3-2: Fly out, F9 (Flyball, 89D, EV 95.0 MPH)
|
|
Batting: RHB Juan Mejia
|
0-0: Called Strike 0-1: Ball 1-1: Ball 2-1: Ball 3-1: Base on Balls
|
|
Batting: RHB Cullen Kelley
|
0-0: Foul Ball, location: 2F 0-1: Fly out, F7 (Line Drive, 7, EV 105.6 MPH)
|
| Top of the 1st over - 0 runs, 0 hits, 0 errors, 1 left on base; Roswell 0 - Americus 0 |
| BOTTOM OF THE 1ST |
|
Americus Braves batting - Pitching for Roswell Invaders : RHP Ulbert Beltman
|
|
Pitching: RHP Ulbert Beltman
|
|
|
Batting: LHB Garret Mathis
|
0-0: Ball 1-0: Ball 2-0: Foul Ball, location: 2F 2-1: Called Strike 2-2: Reached on error, E4 (Groundball, 4S, EV 83.8 MPH)
|
|
Batting: SHB Chris Morrison
|
0-0: Called Strike 0-1: Ball 1-1: Ball 2-1: Ball 3-1: Swinging Strike 3-2: Foul Ball, location: 2F 3-2: Strikes out looking
|
|
Batting: RHB Wilson Salgado
|
0-0: Ball 1-0: Ball 2-0: Ball 3-0: Base on Balls
|
|
Batting: RHB Chris Foss
|
0-0: Ball 1-0: Swinging Strike 1-1: Called Strike 1-2: Strikes out swinging
|
|
Batting: RHB Josh Maxwell
|
0-0: Called Strike 0-1: Ball 1-1: Swinging Strike 1-2: Foul Ball, location: 2F 1-2: Ball 2-2: Ball 3-2: Foul Ball, location: 2F 3-2: Fly out, F8 (Flyball, 8RM, EV 89.4 MPH)
|
| Bottom of the 1st over - 0 runs, 0 hits, 1 error, 2 left on base; Roswell 0 - Americus 0 |
| TOP OF THE 2ND |
|
Roswell Invaders batting - Pitching for Americus Braves : LHP Byron Selhorst
|
|
Batting: RHB Dan Long
|
0-0: Ball 1-0: Ground out 6-3 (Groundball, 6, EV 98.1 MPH)
|
|
Batting: LHB Andy Fischer
|
0-0: Called Strike 0-1: Ground out 1-3 (Groundball, 15S, EV 69.4 MPH)
|
|
Batting: LHB Josh Snyder
|
0-0: Called Strike 0-1: Foul Ball, location: 2F 0-2: Foul Ball, location: 2F 0-2: Ball 1-2: Strikes out looking
|
| Top of the 2nd over - 0 runs, 0 hits, 0 errors, 0 left on base; Roswell 0 - Americus 0 |
| BOTTOM OF THE 2ND |
|
Americus Braves batting - Pitching for Roswell Invaders : RHP Ulbert Beltman
|
|
Batting: RHB Jose Florez
|
0-0: Ball 1-0: Ball 2-0: Called Strike 2-1: Called Strike 2-2: Fly out, F8 (Flyball, 78M, EV 83.1 MPH)
|
|
Batting: RHB Travis Mendoza
|
0-0: Called Strike 0-1: Called Strike 0-2: Fly out, F8 (Flyball, 8LM, EV 78.1 MPH)
|
|
Batting: LHB Pappy Sterile
|
0-0: SINGLE (Groundball, 3D, EV 104.4 MPH)
|
|
Batting: RHB Juan Barela
|
0-0: Ball Pappy Sterile is caught stealing 2nd base 2-4
|
| Bottom of the 2nd over - 0 runs, 1 hit, 0 errors, 0 left on base; Roswell 0 - Americus 0 |
| TOP OF THE 3RD |
|
Roswell Invaders batting - Pitching for Americus Braves : LHP Byron Selhorst
|
|
Batting: SHB Sandy Burke
|
0-0: Swinging Strike 0-1: Called Strike 0-2: Strikes out swinging
|
|
Batting: RHB Shinichi Miyamoto
|
0-0: Foul Ball, location: 2F 0-1: Ground out 5-3 (Groundball, 56S, EV 81.9 MPH)
|
|
Batting: LHB Nick Walker
|
0-0: Swinging Strike 0-1: Swinging Strike 0-2: Ball 1-2: Ball 2-2: Strikes out swinging
|
| Top of the 3rd over - 0 runs, 0 hits, 0 errors, 0 left on base; Roswell 0 - Americus 0 |
| BOTTOM OF THE 3RD |
|
Americus Braves batting - Pitching for Roswell Invaders : RHP Ulbert Beltman
|
|
Batting: RHB Juan Barela
|
0-0: Ground out 5-3 (Groundball, 56S, EV 87.5 MPH)
|
|
Batting: LHB Garret Mathis
|
0-0: Ball 1-0: Ball 2-0: Foul Ball, location: 2F 2-1: Foul Ball, location: 2F 2-2: Foul Ball, location: 2F 2-2: Ball 3-2: Ground out 4-3 (Groundball, 4, EV 100.6 MPH)
|
|
Batting: SHB Chris Morrison
|
0-0: Ball 1-0: Ball 2-0: Swinging Strike 2-1: Called Strike 2-2: Foul Ball, location: 2F 2-2: Strikes out swinging
|
| Bottom of the 3rd over - 0 runs, 0 hits, 0 errors, 0 left on base; Roswell 0 - Americus 0 |
| TOP OF THE 4TH |
|
Roswell Invaders batting - Pitching for Americus Braves : LHP Byron Selhorst
|
|
Batting: LHB Julio Zamora
|
0-0: Foul Ball, location: 2F 0-1: Called Strike 0-2: Strikes out swinging
|
|
Batting: RHB Juan Mejia
|
0-0: Called Strike 0-1: Foul Ball, location: 2F 0-2: Ball 1-2: Foul Ball, location: 2F 1-2: Strikes out swinging
|
|
Batting: RHB Cullen Kelley
|
0-0: Ball 1-0: Ball 2-0: Ball 3-0: Base on Balls
|
|
Batting: RHB Dan Long
|
0-0: Swinging Strike 0-1: Swinging Strike 0-2: Strikes out swinging
|
| Top of the 4th over - 0 runs, 0 hits, 0 errors, 1 left on base; Roswell 0 - Americus 0 |
| BOTTOM OF THE 4TH |
|
Americus Braves batting - Pitching for Roswell Invaders : RHP Ulbert Beltman
|
|
Batting: RHB Wilson Salgado
|
0-0: Called Strike 0-1: Foul Ball, location: 2F 0-2: Strikes out swinging
|
|
Batting: RHB Chris Foss
|
0-0: Ball 1-0: Called Strike 1-1: Ball 2-1: Foul Ball, location: 2F 2-2: Ball 3-2: Fly out, F8 (Flyball, 89M, EV 88.8 MPH)
|
|
Batting: RHB Josh Maxwell
|
0-0: Ball 1-0: Swinging Strike 1-1: Fly out, F4 (Line Drive, 4, EV 64.4 MPH)
|
| Bottom of the 4th over - 0 runs, 0 hits, 0 errors, 0 left on base; Roswell 0 - Americus 0 |
| TOP OF THE 5TH |
|
Roswell Invaders batting - Pitching for Americus Braves : LHP Byron Selhorst
|
|
Batting: LHB Andy Fischer
|
0-0: Ball 1-0: Called Strike 1-1: Foul Ball, location: 2F 1-2: Ball 2-2: Foul Ball, location: 2F 2-2: Foul Ball, location: 2F 2-2: Strikes out looking
|
|
Batting: LHB Josh Snyder
|
0-0: Ball 1-0: Called Strike 1-1: Swinging Strike 1-2: Foul Ball, location: 2F 1-2: Ball 2-2: Strikes out swinging
|
|
Batting: SHB Sandy Burke
|
0-0: Fly out, F9 (Flyball, 89S, EV 86.9 MPH)
|
| Top of the 5th over - 0 runs, 0 hits, 0 errors, 0 left on base; Roswell 0 - Americus 0 |
| BOTTOM OF THE 5TH |
|
Americus Braves batting - Pitching for Roswell Invaders : RHP Ulbert Beltman
|
|
Batting: RHB Jose Florez
|
0-0: SOLO HOME RUN (Flyball, 78XD, EV 109.4 MPH), Distance : 433 ft
|
|
Batting: RHB Travis Mendoza
|
0-0: Hit by Pitch
|
|
Batting: LHB Pappy Sterile
|
0-0: Called Strike 0-1: Ball 1-1: Fly out, F9 (Flyball, 9LM, EV 104.4 MPH)
|
|
Batting: RHB Juan Barela
|
0-0: Foul Ball, location: 2F 0-1: Ball Travis Mendoza steals 2nd base 1-1: Ball 2-1: Foul Ball, location: 2F 2-2: Foul Ball, location: 2F 2-2: Ball 3-2: Ground out 6-3 (Groundball, 6, EV 98.8 MPH)
|
|
Batting: LHB Garret Mathis
|
0-0: Ball 1-0: Called Strike 1-1: Foul Ball, location: 2F 1-2: Foul Ball, location: 2F 1-2: Strikes out swinging
|
| Bottom of the 5th over - 1 run, 1 hit, 0 errors, 1 left on base; Roswell 0 - Americus 1 |
| TOP OF THE 6TH |
|
Roswell Invaders batting - Pitching for Americus Braves : LHP Byron Selhorst
|
|
Batting: RHB Shinichi Miyamoto
|
0-0: Called Strike 0-1: Called Strike 0-2: Strikes out looking
|
|
Batting: LHB Nick Walker
|
0-0: Called Strike 0-1: Fly out, F8 (Flyball, 8LD, EV 82.5 MPH)
|
|
Batting: LHB Julio Zamora
|
0-0: Called Strike 0-1: Ball 1-1: Ground out 4-3 (Groundball, 34, EV 98.1 MPH)
|
| Top of the 6th over - 0 runs, 0 hits, 0 errors, 0 left on base; Roswell 0 - Americus 1 |
| BOTTOM OF THE 6TH |
|
Americus Braves batting - Pitching for Roswell Invaders : RHP Ulbert Beltman
|
|
Batting: SHB Chris Morrison
|
0-0: Called Strike 0-1: Foul Ball, location: 2F 0-2: Foul Ball, location: 2F 0-2: SINGLE (Groundball, 34D, EV 97.5 MPH)
|
|
Batting: RHB Wilson Salgado
|
0-0: Called Strike 0-1: Foul Ball, location: 2F 0-2: Ball 1-2: Strikes out swinging
|
|
Batting: RHB Chris Foss
|
0-0: Ball 1-0: Ball 2-0: Called Strike 2-1: Swinging Strike 2-2: Strikes out swinging
|
|
Batting: RHB Josh Maxwell
|
0-0: Called Strike 0-1: 2-RUN HOME RUN (Line Drive, 7D, EV 100.6 MPH), Distance : 387 ft
|
|
Batting: RHB Jose Florez
|
0-0: Ball 1-0: Ball 2-0: Called Strike 2-1: SINGLE (Groundball, 4MS, EV 97.5 MPH)
|
|
Batting: RHB Travis Mendoza
|
0-0: Ball 1-0: Called Strike Jose Florez is caught stealing 2nd base 2-4
|
| Bottom of the 6th over - 2 runs, 3 hits, 0 errors, 0 left on base; Roswell 0 - Americus 3 |
| TOP OF THE 7TH |
|
Roswell Invaders batting - Pitching for Americus Braves : LHP Byron Selhorst
|
|
Batting: RHB Juan Mejia
|
0-0: Ground out 4-3 (Groundball, 34, EV 106.2 MPH)
|
|
Pitching: RHP Jose Ortega
|
|
|
Pinch Hitting: RHB Hidemitsu Matsuno
|
0-0: Ground out 4-3 (Groundball, 34, EV 93.8 MPH)
|
|
Batting: RHB Ray Bieber
|
0-0: Ball 1-0: Called Strike 1-1: Foul Ball, location: 2F 1-2: Fly out, F7 (Line Drive, 7, EV 92.5 MPH)
|
| Top of the 7th over - 0 runs, 0 hits, 0 errors, 0 left on base; Roswell 0 - Americus 3 |
| BOTTOM OF THE 7TH |
|
Americus Braves batting - Pitching for Roswell Invaders : RHP Ulbert Beltman
|
|
Now at SS: Benjie Alejandro
|
|
|
Batting: RHB Travis Mendoza
|
0-0: Called Strike 0-1: Ball 1-1: Foul Ball, location: 2F 1-2: Ball 2-2: Foul Ball, location: 2F 2-2: Ball 3-2: Strikes out swinging
|
|
Batting: LHB Pappy Sterile
|
0-0: Ball 1-0: Ground out U3 (Groundball, 3, EV 94.4 MPH)
|
|
Batting: RHB Juan Barela
|
0-0: Ball 1-0: Ground out 4-3 (Groundball, 4MS, EV 86.9 MPH)
|
| Bottom of the 7th over - 0 runs, 0 hits, 0 errors, 0 left on base; Roswell 0 - Americus 3 |
| TOP OF THE 8TH |
|
Roswell Invaders batting - Pitching for Americus Braves : RHP Jose Ortega
|
|
Batting: LHB Andy Fischer
|
0-0: Called Strike 0-1: Foul Ball, location: 2F 0-2: Ground out 6-3 (Groundball, 6M, EV 109.4 MPH)
|
|
Batting: LHB Josh Snyder
|
0-0: Ball 1-0: Ground out 6-3 (Groundball, 6, EV 78.1 MPH)
|
|
Batting: SHB Sandy Burke
|
0-0: Ball 1-0: Foul Ball, location: 2F 1-1: Ball 2-1: Foul Ball, location: 2F 2-2: SINGLE (Line Drive, 4MD, EV 108.1 MPH)
|
|
Batting: RHB Shinichi Miyamoto
|
0-0: Called Strike 0-1: Fly out, F8 (Line Drive, 8LD, EV 88.8 MPH)
|
| Top of the 8th over - 0 runs, 1 hit, 0 errors, 1 left on base; Roswell 0 - Americus 3 |
| BOTTOM OF THE 8TH |
|
Americus Braves batting - Pitching for Roswell Invaders : RHP Ulbert Beltman
|
|
Pitching: LHP Jayden Spearman
|
|
|
Batting: LHB Garret Mathis
|
0-0: Ball 1-0: Swinging Strike 1-1: Foul Ball, location: 2F 1-2: Foul Ball, location: 2F 1-2: Ball 2-2: Foul Ball, location: 2F 2-2: Ball 3-2: SINGLE (Groundball, 34D, EV 97.5 MPH)
|
|
Batting: SHB Chris Morrison
|
0-0: Ball 1-0: Swinging Strike 1-1: Swinging Strike 1-2: Foul Ball, location: 2F 1-2: Ball 2-2: SINGLE (Line Drive, 78S, EV 91.9 MPH) Garret Mathis to second
|
|
Batting: RHB Wilson Salgado
|
0-0: Ball 1-0: Foul Ball, location: 2F 1-1: 3-RUN HOME RUN (Flyball, 7LD, EV 93.1 MPH), Distance : 356 ft
|
|
Pitching: LHP Tin-jong Que
|
|
|
Batting: RHB Chris Foss
|
0-0: Swinging Strike 0-1: Reached on error, E6 (Groundball, 6, EV 87.5 MPH)
|
|
Batting: RHB Josh Maxwell
|
0-0: Fly out, F9 (Line Drive, 9, EV 88.8 MPH)
|
|
Batting: RHB Jose Florez
|
0-0: Ball 1-0: Ball 2-0: Ball 3-0: Called Strike 3-1: Base on Balls Chris Foss to second
|
|
Batting: RHB Travis Mendoza
|
0-0: Called Strike 0-1: Ball 1-1: SINGLE (Groundball, 56D, EV 95.0 MPH) Chris Foss to third Jose Florez to second Runner from 3rd tries for Home, SAFE, throw by LF to home
|
|
Batting: LHB Pappy Sterile
|
0-0: Ball 1-0: Fly out, F9 (Flyball, 9, EV 88.8 MPH)
|
|
Batting: RHB Juan Barela
|
0-0: Ball 1-0: Ground out 5-3 (Groundball, 15, EV 88.1 MPH)
|
| Bottom of the 8th over - 4 runs, 4 hits, 1 error, 2 left on base; Roswell 0 - Americus 7 |
| TOP OF THE 9TH |
|
Roswell Invaders batting - Pitching for Americus Braves : RHP Jose Ortega
|
|
Batting: LHB Nick Walker
|
0-0: Ball 1-0: Called Strike 1-1: Swinging Strike 1-2: Strikes out swinging
|
|
Pinch Hitting: RHB Matt Satterfield
|
0-0: Called Strike 0-1: Ball 1-1: Ball 2-1: Ground out 5-3 (Groundball, 5S, EV 91.2 MPH)
|
|
Batting: RHB Juan Mejia
|
0-0: Ball 1-0: Swinging Strike 1-1: Foul Ball, location: 2F 1-2: Foul Ball, location: 2F 1-2: Strikes out swinging
|
| Top of the 9th over - 0 runs, 0 hits, 0 errors, 0 left on base; Roswell 0 - Americus 7 |
|